 Dungeon Crawl Stone Soup version 0.23-a0-767-gdc19b93d68 (webtiles) character file.

1972 AxeAttX the Chopper (level 9, -10/85 HPs)
             Began as a Deep Dwarf Fighter on Jan 24, 2019.
             Was an Initiate of Makhleb.
             Mangled by a wyvern (11 damage)
             ... on level 8 of the Dungeon.
             The game lasted 00:06:08 (3531 turns).

AxeAttX the Chopper (Deep Dwarf Fighter)            Turns: 3531, Time: 00:06:08

Health: -10/85     AC:  7    Str: 21    XL:     9   Next: 0%
Magic:  0/0        EV: 10    Int:  9    God:    Makhleb [......]
Gold:   377        SH: 10    Dex: 14    Spells: 8/8 levels left

rFire    . . .     SeeInvis .   a - +0 war axe
rCold    + . .     Gourm    .   m - +0 shield
rNeg     . . .     Faith    .   b - +0 scale mail
rPois    .         Spirit   .   (no helmet)
rElec    .         Reflect  .   (no cloak)
rCorr    .         Harm     .   (no gloves)
MR       +....                  (no boots)
Stlth    +.........             (no amulet)
HPRegen  0.00/turn              c - ring of protection from cold
MPRegen  0.07/turn              u - ring of stealth

@: non-regenerating
A: damage resistance, heal wounds, sense surroundings 2, no regeneration
a: Heal Wounds, Renounce Religion


You were on level 8 of the Dungeon.
You worshipped Makhleb.
Makhleb was noncommittal.
You were hungry.

You visited 2 branches of the dungeon, and saw 9 of its levels.

You collected 377 gold pieces.

Inventory:

Hand Weapons
 a - a +0 war axe (weapon)
 g - the +2 flail of Qiorch {freeze, rN+}
   (You found it on level 6 of the Dungeon)

   It has been specially enchanted to freeze those struck by it, causing extra
   injury to most foes and up to half again as much damage against particularly
   susceptible opponents.
   It can also slow down cold-blooded creatures.
   It protects you from negative energy.
 i - a +1 flail of holy wrath
   (You took it off an orc on level 5 of the Dungeon)
Missiles
 h - 254 stones (quivered)
Armour
 b - a +0 scale mail (worn)
 m - a +0 shield (worn)
Jewellery
 c - a ring of protection from cold (left hand)
   (You found it on level 3 of the Dungeon)
 s - a cursed -3 ring of strength {unknown}
   (You found it on level 7 of the Dungeon)
 u - a ring of stealth (right hand)
   (You found it on level 4 of the Dungeon)
 y - an uncursed amulet of guardian spirit {unknown}
   (You found it on level 7 of the Dungeon)
Scrolls
 l - 3 scrolls of enchant armour
 p - a scroll of immolation
 r - 3 scrolls of identify
 t - 3 scrolls of teleportation
 w - 3 scrolls of remove curse
 x - a scroll of fear
Potions
 d - 2 potions of might
 f - a potion of brilliance
 q - 2 potions of curing
Comestibles
 e - 11 rations


   Skills:
 * Level 6.4 Fighting
 * Level 7.2 Axes
 + Level 5.9 Armour
 + Level 4.5 Dodging
 + Level 5.8 Shields
 * Level 0.0 Invocations


You had 8 spell levels left.
You didn't know any spells.
Your spell library was empty.

Dungeon Overview and Level Annotations

Branches:
Dungeon (8/15)             Temple (1/1) D:7
   Lair: D:8-11

Altars:
Ashenzari
Dithmenos
Gozag
Hepliaklqana
Makhleb
Ru
Vehumet
Wu Jian
Xom

Annotations:
D:4 2 runed doors, Tarias's ghost, amateur DrFE


Innate Abilities, Weirdness & Mutations

You are resistant to damage.
You can heal yourself by infusing magical energy.
You passively map the area around you.
You do not regenerate.


Message History

You feel magically purged.
You feel a little less clever now.
You feel a little less agile now.
It was a potion of flight.
You feel very buoyant.
You fly up into the air.
It was a potion of lignification.
You turn into a tree.
Your +0 scale mail melds into your body.
Your roots penetrate the ground.
You cannot move.
You cannot move.
You cannot move.
You cannot move.
You start waiting.
Your transformation is almost over.
You start waiting.
You feel less wooden.
Your +0 scale mail unmelds from your body.
You start waiting.
Done waiting.
You now have 377 gold pieces (gained 22).
You are feeling hungry.
Found an escape hatch in the floor.
There is an escape hatch in the floor here.
Items here: )) [[[ a +0 leather armour; a +0 trident; a +0 chain mail; a +0 scale mail a +0 war axe You see here a hand crossbow.
There is a stone staircase leading up here.
There is a stone staircase leading down here.
Done exploring.
Done exploring.
Done exploring.
There is a stone staircase leading down here.
There is a stone staircase leading up here.
There is a stone staircase leading down here.
You climb downwards.
There is a stone staircase leading up here.
You open the door.
There is an open door here.
You open the door.
There is an open door here.
A wyvern and a sky beast come into view.
Found a stone staircase leading down.
There are monsters nearby!
There are monsters nearby!
You hit the sky beast.
The sky beast is lightly wounded.
The sky beast hits you. The sky beast shocks you.
You are too injured to fight recklessly!
You are too injured to fight recklessly!
You are too injured to fight recklessly!
You are too injured to fight recklessly!
You are too injured to fight recklessly!
You are too injured to fight recklessly!
You are too injured to fight recklessly!
You are too injured to fight recklessly!
You are too injured to fight recklessly!
You are too injured to fight recklessly!
You are too injured to fight recklessly!
You are too injured to fight recklessly!
You are too injured to fight recklessly!
You are too injured to fight recklessly!
You are too injured to fight recklessly!
You are too injured to fight recklessly!
You are too injured to fight recklessly!
You are too injured to fight recklessly!
You are too injured to fight recklessly!
Your scale mail prevents you from hitting the sky beast.
The sky beast is lightly wounded.
You block the sky beast's attack.
You hit the sky beast.
The sky beast is lightly wounded.
The sky beast hits you but does no damage.
You closely miss the sky beast.
The sky beast is lightly wounded.
You hit the wyvern but do no damage. The wyvern bites you!
* * * LOW HITPOINT WARNING * * *
You block the sky beast's attack.
The wyvern bites you but does no damage.
The sky beast hits you but does no damage.
You slash the sky beast!
The sky beast is heavily wounded.
You slash the wyvern! The wyvern bites you!
* * * LOW HITPOINT WARNING * * *
The wyvern bites you!
* * * LOW HITPOINT WARNING * * *
The sky beast hits you. The sky beast shocks you.
* * * LOW HITPOINT WARNING * * *
You hit the sky beast.
The sky beast is severely wounded.
You hit the wyvern but do no damage. The wyvern bites you.
* * * LOW HITPOINT WARNING * * *
The sky beast hits you but does no damage.
You block the wyvern's attack.
You hit the sky beast.
The sky beast is almost dead.
You closely miss the wyvern.
The wyvern bites you but does no damage.
The sky beast barely misses you. The wyvern bites you!
You die...

* * , * #.# *** ** ,*
#.., , ** , #.#* *
###, #.#### * *,*, ,
* #... .....# , #, ,
,###..##.##.### * .#
,.......Y##...#+###.#
*
**###..#@##.........#
......l..'.........#
* ** * *
#####...##.........#
, ##..##.........##
** #..##...........
##>####'########**
#.# #.# * * #.# #.#
*** #. #<# * ,, *,,


You could see a wyvern and a sky beast.

Vanquished Creatures
  Sigmund (D:2)
  Eustachio (D:6)
  2 orc warriors
  A sky beast (D:5)
  A necrophage (D:6)
  A phantom (D:5)
  3 ogres
  A big kobold (D:4)
  3 scorpions
  3 killer bees (D:7)
  A crimson imp (D:6)
  A bullfrog zombie (D:6)
  2 hounds (D:7)
  A jelly (D:5)
  3 orc priests
  2 orc wizards
  2 iguanas
  3 worker ants
  6 adders
  A shadow imp (D:5)
  An adder skeleton (D:5)
  2 worms
  3 dart slugs
  3 leopard geckos
  30 orcs
  3 ball pythons
  5 giant cockroaches
  6 hobgoblins
  3 jackals (D:3)
  6 kobolds
  8 bats
  5 frilled lizards
  10 goblins
  A jackal skeleton (D:4)
  7 rats
132 creatures vanquished.

Vanquished Creatures (others)
  A plant (D:4)
1 creature vanquished.

Grand Total: 133 creatures vanquished

Notes
Turn   | Place    | Note
-------+----------+-------------------------------------------
     0 | D:1      | AxeAttX the Deep Dwarf Fighter began the quest for the Orb.
     0 | D:1      | Reached XP level 1. HP: 20/20 MP: 1/1
    76 | D:1      | Reached XP level 2. HP: 27/27 MP: 2/2
   242 | D:2      | Reached skill level 3 in Fighting
   254 | D:2      | Found a shattered altar of Ashenzari.
   254 | D:2      | Found an ornate altar of the Wu Jian Council.
   266 | D:2      | Reached XP level 3. HP: 27/34 MP: 3/3
   293 | D:2      | Found a shadowy altar of Dithmenos.
   417 | D:2      | Reached skill level 1 in Dodging
   527 | D:2      | Noticed Sigmund
   538 | D:2      | Killed Sigmund
   538 | D:2      | Reached skill level 3 in Axes
   538 | D:2      | Reached skill level 4 in Armour
   538 | D:2      | Reached skill level 4 in Shields
   538 | D:2      | Reached XP level 4. HP: 29/44 MP: 4/4
   538 | D:2      | Reached XP level 5. HP: 33/50 MP: 5/5
   618 | D:3      | Found a faded altar of an unknown god.
   620 | D:3      | Reached skill level 2 in Dodging
   626 | D:3      | Reached skill level 4 in Axes
   722 | D:3      | Found a shattered altar of Ashenzari.
   999 | D:4      | Noticed an ogre
  1006 | D:4      | Killed an ogre
  1006 | D:4      | Reached skill level 4 in Fighting
  1006 | D:4      | Reached XP level 6. HP: 28/57 MP: 6/6
  1027 | D:4      | Found a runed door.
  1029 | D:4      | Noticed Tarias's ghost (amateur DrFE)
  1272 | D:4      | Found a runed door.
  1377 | D:4      | Reached XP level 7. HP: 24/66 MP: 6/6
  1653 | D:5      | Entered Level 5 of the Dungeon
  1655 | D:5      | Found a radiant altar of Vehumet.
  1664 | D:5      | Reached skill level 5 in Axes
  1664 | D:5      | Reached skill level 3 in Dodging
  1799 | D:5      | Reached skill level 5 in Fighting
  2018 | D:5      | Reached skill level 5 in Armour
  2018 | D:5      | Reached skill level 5 in Shields
  2122 | D:6      | Reached XP level 8. HP: 74/74 MP: 5/5
  2152 | D:6      | HP: 4/74 [orc warrior/+0 halberd (26)]
  2156 | D:6      | Reached skill level 6 in Axes
  2378 | D:6      | Noticed Eustachio
  2459 | D:6      | Killed Eustachio
  2459 | D:6      | Reached skill level 4 in Dodging
  2461 | D:6      | Got a bloodstained flail
  2462 | D:6      | Identified the +2 flail of Qiorch {freeze, rN+} (You found
                  | it on level 6 of the Dungeon)
  2750 | D:7      | Reached skill level 6 in Fighting
  2760 | D:7      | HP: 11/76 [orc warrior/+0 scimitar (6)]
  2835 | D:7      | Reached skill level 7 in Axes
  2975 | D:7      | HP: 10/78 [poisoned by a killer bee]
  2980 | D:7      | Gained mutation: You passively map the area around you.
                  | [Deep Dwarf growth]
  2980 | D:7      | Reached XP level 9. HP: 15/85 MP: 1/1
  3175 | D:7      | Found a staircase to the Ecumenical Temple.
  3184 | Temple   | Entered the Ecumenical Temple
  3208 | Temple   | Became a worshipper of Makhleb the Destroyer
  3529 | D:8      | HP: 7/85 [wyvern (8)]
  3529 | D:8      | HP: 2/85 [sky beast (5)]
  3531 | D:8      | Mangled by a wyvern

Vault maps used:
D:1:      evilmike_arrival_run_for_it, minmay_tromino_i2
D:2:      gammafunk_temple_overflow_forgotten, first_ration,
          kennysheep_generic_room_10, uniq_sigmund
D:3:      chequers_ecumenical_altar_simple_redux, cheibrodos_ashenzari_chains
D:4:      ebering_ghost_sewer_f, lexackson_kobold_supper
D:5:      vehumet_altar_wand_db
D:6:      uniq_eustachio
D:7:      minmay_temple_entry_glassed_door
D:8:      uniq_maurice
Temple:   nicolae_temple_elliptical

Skill      XL: |  1  2  3  4  5  6  7  8 |
---------------+-------------------------+-----
Fighting       | 3 4 5 6 |  6.4
Dodging        | 1 2 3 4 |  4.5
Axes           | 3 4 5 7 |  7.2
Armour         | 4 5 |  5.9
Shields        | 4 5 |  5.8

Action                   |  1- 3 |  4- 6 |  7- 9 || total
-------------------------+-------+-------+-------++-------
Melee: War axe           |   112 |   130 |   317 ||   559
 Abil: Heal Wounds       |       |     3 |    25 ||    28
  Use: Potion            |     1 |       |     6 ||     7
       Scroll            |       |       |     8 ||     8
 Stab: Sleeping          |       |       |     1 ||     1
  Eat: Chunk             |       |     2 |     7 ||     9
Armor: Scale mail        |    60 |    54 |    98 ||   212
Dodge: Dodged            |    36 |    41 |   144 ||   221
Block: Shield            |    56 |    89 |   195 ||   340

Table legend:
 A = Non-vault XP
 B = Vault XP
 C = Vault XP percentage of total XP
 D = Non-vault monster count
 E = Vault monster count
 F = Vault count percentage of total count
                 A         B        C        D         E       F
            +---------+---------+-------+---------+---------+-------
      Total |    2277 |     541 |  19.2 |     122 |      10 |   7.6
            +---------+---------+-------+---------+---------+-------
        D:1 |      14 |       7 |  33.3 |      10 |       2 |  16.7
        D:2 |      51 |     223 |  81.4 |      21 |       1 |   4.5
        D:3 |      62 |       0 |   0.0 |      20 |       0 |   0.0
        D:4 |     431 |     101 |  19.0 |      19 |       5 |  20.8
        D:5 |     533 |       2 |   0.4 |      23 |       1 |   4.2
        D:6 |     498 |     208 |  29.5 |      14 |       1 |   6.7
        D:7 |     688 |       0 |   0.0 |      15 |       0 |   0.0
            +---------+---------+-------+---------+---------+-------

Vault maps used:
D:1:      evilmike_arrival_run_for_it, minmay_tromino_i2
D:2:      gammafunk_temple_overflow_forgotten, first_ration,
          kennysheep_generic_room_10, uniq_sigmund
D:3:      chequers_ecumenical_altar_simple_redux, cheibrodos_ashenzari_chains
D:4:      ebering_ghost_sewer_f, lexackson_kobold_supper
D:5:      vehumet_altar_wand_db
D:6:      uniq_eustachio
D:7:      minmay_temple_entry_glassed_door
D:8:      uniq_maurice
Temple:   nicolae_temple_elliptical

Table legend:
 A = Turns spent in this place as a percentage of turns spent in the entire game.
 B = Non-inter-level travel turns spent in this place as a percentage of non-inter-level travel turns spent in the entire game.
 C = Inter-level travel turns spent in this place as a percentage of turns spent in this place.
 D = Turns resting spent in this place as a percentage of non-inter-level travel turns spent in this place.
 E = Turns spent auto-exploring this place as a percentage of non-inter-level travel turns spent in this place.
 F = Non-inter-level travel turns spent in this place divided by the number of levels of this place that you've seen.
                   A       B       C       D       E      F
               +-------+-------+-------+-------+-------+----------------------
         Total | 100.0 | 100.0 |   2.8 |   3.3 |  65.6 | 381.3
       Dungeon |  99.0 |  99.0 |   2.8 |   3.3 |  65.9 | 424.5
        Temple |   1.0 |   1.0 |   0.0 |   0.0 |  41.7 |  36.0
               +-------+-------+-------+-------+-------+----------------------

Table legend:
 A = Kills in this place as a percentage of kills in entire the game.
 B = Kills by you in this place as a percentage of kills by you in the entire game.
 C = Kills by friends in this place as a percentage of kills by friends in the entire game.
 D = Other kills in this place as a percentage of other kills in the entire game.
 E = Experience gained in this place as a percentage of experience gained in the entire game.
 F = Experience gained in this place divided by the number of levels of this place that you have seen.
                   A       B       C       D       E      F
               +-------+-------+-------+-------+-------+----------------------
         Total | 100.0 | 100.0 |   N/A |   N/A | 100.0 | 313.1
       Dungeon | 100.0 | 100.0 |   N/A |   N/A | 100.0 | 352.2
               +-------+-------+-------+-------+-------+----------------------
